 Dungeon Crawl Stone Soup version 0.31-a0-1370-gf52a5a9ab3 (webtiles) character file.

Game seed: 3478091515923784501

110 Xavori the Trooper (level 5, -1/40 HPs)
             Began as a Djinni Chaos Knight on Dec 24, 2023.
             Was a Plaything of Xom.
             Slain by a goblin
             ... wielding a +0 club
             ... led by Robin
              (4 damage)
             ... on level 4 of the Dungeon.
             The game lasted 00:03:12 (4587 turns).

Xavori the Trooper (Djinni Chaos Knight)            Turns: 4587, Time: 00:03:12

Health: -1/40      AC:  8    Str: 14    XL:     5   Next: 14%
Gold:   140        EV: 11    Int: 22    God:    Xom [...*..] SH:  0 Dex: 12

rFire   + + .        a - +0 falchion (chaos)
rCold   x . .        (no shield)
rNeg    . . .        m - +1 ring mail of Qurrux {Str+5}
rPois   ∞            (helmet unavailable)
rElec   .            (no cloak)
rCorr   .            (no gloves)
SInv    +            (boots unavailable)
Will    +....        (no amulet)
Stlth   +            (no ring)
HPRegen 0.26/turn    (no ring)
MPRegen 0.00/turn

%: clarity, infuse magic (-2 HP)
@: brilliant, enlightened, flying
A: sickness immunity, fire resistance 2, cold vulnerability 1, float, innate
caster, HP casting, extra vitality 1, antennae 3, iridescent scales 1, clarity,
clever 2, mutation resistance 1, sense surroundings 1, MP-powered wands
a: Renounce Religion


You were on level 4 of the Dungeon.
You worshipped Xom.
You were a favourite toy of Xom.
You visited 1 branch of the dungeon, and saw 4 of its levels.

You collected 140 gold pieces.

Inventory:

Hand Weapons
 a - a +0 falchion of chaos (weapon)
Armour
 b - a +2 leather armour
 e - a +0 helmet
 m - the +1 ring mail of Qurrux (worn) {Str+5}
   (You found it on level 2 of the Dungeon)

   Str+5:     It affects your strength (+5).
Wands
 v - a wand of flame (19)
Scrolls
 c - a scroll of butterflies
 h - a scroll of silence
 i - a scroll of teleportation {unknown}
 j - a scroll of torment {unknown}
 l - a scroll of immolation
 n - a scroll of fog {unknown}
 o - a scroll of acquirement {unknown}
 p - a scroll of enchant armour
 s - a scroll of fear {unknown}
Potions
 d - 2 potions of haste {unknown}
 f - a potion of resistance {unknown}
 g - a potion of brilliance
 q - a potion of heal wounds {unknown}
 r - a potion of enlightenment
 t - a potion of curing {unknown}
 u - a potion of mutation {unknown}


   Skills:
 + Level 3.4 Fighting
 + Level 3.1 Long Blades
 + Level 1.9 Armour
 + Level 2.9 Dodging
 * Level 1.8 Spellcasting
 * Level 1.8 Conjurations
 * Level 1.8 Hexes
   Level 0.0 Charms
 * Level 1.8 Summonings
 * Level 1.8 Necromancy
 * Level 1.8 Translocations
   Level 0.0 Transmutations
 * Level 1.8 Fire Magic
 * Level 1.8 Ice Magic
 * Level 1.8 Air Magic
 * Level 1.8 Earth Magic
 * Level 1.8 Alchemy


You knew the following spells:

 Your Spells              Type           Power      Damage    Failure   Level
a - Foxfire               Conj/Fire      56%        2x1d6     13%         1
b - Call Imp              Summ           28%        N/A       21%         2
Your spell library was empty.

Dungeon Overview and Level Annotations

Branches:
Dungeon (4/15)
 Temple: D:4-7

Altars:

Annotations:
D:3 Eustachio


Innate Abilities, Weirdness & Mutations

You are immune to sickness and miasma.
You are immune to poison.
Your flesh is very heat resistant. (rF++)
You are vulnerable to cold. (rC-)
You float through the air rather than walking.
You learn spells naturally, not from books.
Your magical power is your life essence.
You have superior vitality. (+4 MHP)
You have a pair of large antennae on your head. (SInv)
You are partially covered in iridescent scales. (AC +2)
You possess an exceptional clarity of mind.
Your mind is very acute. (Int +8, Str/Dex -2)
You are somewhat resistant to further mutation.
You passively map a small area around you.
You expend health (3 HP) to strengthen your wands.


Message History

You closely miss the orc. The goblin closely misses you.
The orc completely misses you. The orc hits you but does no damage.
The orc misses you. The goblin closely misses you.
The goblin hits you with a +0 club.
* * * LOW HITPOINT WARNING * * *
The orc hits you with a +1 dagger of electrocution.
* * * LOW HITPOINT WARNING * * *
The orc hits you but does no damage.
You hit the orc. You freeze the orc.
The orc is heavily wounded.
The orc hits you but does no damage. The goblin misses you.
The goblin hits you but does no damage. The orc hits you but does no damage. x2
You closely miss the orc.
The orc is heavily wounded.
The orc barely misses you. The goblin hits you with a +0 club.
* * * LOW HITPOINT WARNING * * *
The goblin hits you but does no damage. The orc hits you but does no damage. x2
Unknown command.
You barely miss the orc.
The orc is heavily wounded.
The orc barely misses you. The goblin hits you but does no damage.
The goblin closely misses you. The orc hits you but does no damage.
The orc barely misses you.
It was a potion of brilliance.
You feel clever all of a sudden. The orc hits you but does no damage.
The goblin closely misses you. The goblin hits you but does no damage.
The orc misses you. The orc barely misses you.
As you read the scroll labelled SUPLOA TOUST, it crumbles to dust.
It is a scroll of amnesia.
You feel forgetful for a moment. The orc closely misses you.
The goblin hits you with a +0 club.
* * * LOW HITPOINT WARNING * * *
The orc closely misses you. The orc hits you but does no damage.
The goblin hits you but does no damage.
It was a potion of enlightenment.
You feel more buoyant.
The orc seems less drained.
The orc hits you but does no damage. The goblin hits you with a +0 club.
You die...

* , * * , , , ,
#.#####* ,
*##+#,#...#.. ,,
.....#.#.#.# ,
,.....#.#)#.# ,
.....#o#o#.#
...#..gg@#.# ,
...#...ogo.####
.......hS[....# ,
..............#
..............##
...............#
,.....#.........#
,
.....#.........#
, ....
#.........#


You could see an adder, 4 orcs, a jackal and 3 goblins.

Vanquished Creatures
  Robin (D:3)
  2 adders (D:3)
  A bombardier beetle (D:3)
  A white imp (D:3)
  2 worms (D:3)
  A dart slug (D:1)
  An orc (D:4)
  6 endoplasms
  2 giant cockroaches
  9 hobgoblins
  2 jackals (D:2)
  A quokka (D:3)
  A ball python (D:3)
  5 bats
  2 frilled lizards
  11 goblins
  5 kobolds
  2 rats (D:3)
55 creatures vanquished.

Vanquished Creatures (collateral kills)
  A jackal (D:2)
1 creature vanquished.

Grand Total: 56 creatures vanquished

Notes
Turn   | Place    | Note
-------+----------+-------------------------------------------
     0 | D:1      | Xavori the Djinni Chaos Knight began the quest for the Orb.
     0 | D:1      | Reached XP level 1. HP: 20/20 MP: 0/0
   190 | D:1      | Reached XP level 2. HP: 16/25 MP: 0/0
  1537 | D:1      | XOM: silly message
  1777 | D:1      | XOM: give mutations
  1777 | D:1      | Gained mutation: You are somewhat resistant to further
                  | mutation. [Xom's grace]
  2288 | D:1      | XOM: cloud trail
  2889 | D:1      | XOM: summons 3 hostile shadow creatures
  3053 | D:1      | XOM: give mutations
  3053 | D:1      | Gained mutation: You have a pair of small antennae on your
                  | head. [Xom's grace]
  3053 | D:1      | Gained mutation: Your muscles are strong. (Str +4, Int/Dex
                  | -1) [Xom's grace]
  3077 | D:1      | XOM: give mutations
  3077 | D:1      | Gained mutation: You have a pair of antennae on your head.
                  | [Xom's grace]
  3077 | D:1      | Gained mutation: Your mind is acute. (Int +4, Str/Dex -1)
                  | [Xom's grace]
  3077 | D:1      | Gained mutation: You passively map a small area around you.
                  | [Xom's grace]
  3077 | D:1      | Gained mutation: You possess an exceptional clarity of
                  | mind. [Xom's grace]
  3085 | D:2      | Reached XP level 3. HP: 30/30 MP: 0/0
  3085 | D:2      | Learned a level 1 spell: Foxfire
  3085 | D:2      | XOM: give mutations
  3085 | D:2      | Gained mutation: You expend health (3 HP) to strengthen
                  | your wands. [Xom's grace]
  3085 | D:2      | Gained mutation: You have a pair of large antennae on your
                  | head. (SInv) [Xom's grace]
  3085 | D:2      | Gained mutation: You are partially covered in iridescent
                  | scales. (AC +2) [Xom's grace]
  3085 | D:2      | Gained mutation: Your mind is very acute. (Int +8, Str/Dex
                  | -2) [Xom's grace]
  3170 | D:2      | Reached skill level 1 in Spellcasting
  3170 | D:2      | Reached skill level 1 in Conjurations
  3170 | D:2      | Reached skill level 1 in Hexes
  3170 | D:2      | Reached skill level 1 in Summonings
  3170 | D:2      | Reached skill level 1 in Necromancy
  3170 | D:2      | Reached skill level 1 in Translocations
  3170 | D:2      | Reached skill level 1 in Fire Magic
  3170 | D:2      | Reached skill level 1 in Ice Magic
  3170 | D:2      | Reached skill level 1 in Air Magic
  3170 | D:2      | Reached skill level 1 in Earth Magic
  3170 | D:2      | Reached skill level 1 in Alchemy
  3171 | D:2      | XOM: summons 2 friendly demons
  3191 | D:2      | Found a faded altar of an unknown god.
  3481 | D:2      | Identified the +1 ring mail of Qurrux {Str+5}
  3689 | D:2      | XOM: divination: magic mapping
  3899 | D:3      | Reached XP level 4. HP: 31/35 MP: 0/0
  4385 | D:4      | Noticed Robin
  4405 | D:4      | Noticed Eustachio
  4428 | D:3      | Reached XP level 5. HP: 8/40 MP: 0/0
  4428 | D:3      | Learned a level 2 spell: Call Imp
  4444 | D:3      | Killed Robin
  4554 | D:3      | XOM: give mutation
  4554 | D:3      | Lost mutation: Your muscles are strong. (Str +4, Int/Dex
                  | -1) [Xom's mischief]
  4586 | D:4      | HP: 2/40 [goblin/+0 club[Robin] (1)]
  4587 | D:4      | Slain by a goblin

Illustrated notes

Levels and vault maps discovered:
D:1:      scummos_arrival_star, layout_basic
D:2:      layout_loops_ring, hellmonk_ecumenical_altar_blasted
D:3:      layout_rooms, serial_bayou_lagoon_a
D:4:      layout_basic, nicolae_specific_store, uniq_robin, uniq_eustachio

Skill      XL: |  1  2  3 |
---------------+----------+-----
Spellcasting   | 1 |  1.8
Conjurations   | 1 |  1.8
Hexes          | 1 |  1.8
Summonings     | 1 |  1.8
Necromancy     | 1 |  1.8
Translocations | 1 |  1.8
Fire Magic     | 1 |  1.8
Ice Magic      | 1 |  1.8
Air Magic      | 1 |  1.8
Earth Magic    | 1 |  1.8
Alchemy        | 1 |  1.8
Long Blades    | 3 |  3.1
Fighting       | |  3.4
Armour         | |  1.9
Dodging        | |  2.9

Action                     |  1- 3 |  4- 6 || total
---------------------------+-------+-------++-------
  Melee: Falchion          |    81 |   108 ||   189
         Punch             |       |     1 ||     1
    Use: Scroll            |     3 |     1 ||     4
         Potion            |       |     2 ||     2
   Stab: Petrified         |       |     9 ||     9
 Armour: Leather armour    |    23 |       ||    23
         Ring mail         |    22 |   126 ||   148
  Dodge: Dodged            |    61 |    83 ||   144

Table legend: (Time is in decaauts)
 A = Elapsed time spent in this place.
 B = Non-inter-level travel time spent in this place.
 C = Inter-level travel time spent in this place.
 D = Time resting spent in this place.
 E = Time spent auto-exploring this place.
 F = Levels seen in this place.
 G = Mean time per level.
                   A        B        C        D        E       F      G
               +--------+--------+--------+--------+--------+-----+--------+
         Total |   4620 |   4550 |     70 |   2306 |   1726 |   4 | 1155.0 |
       Dungeon |   4620 |   4550 |     70 |   2306 |   1726 |   4 | 1155.0 |
               +--------+--------+--------+--------+--------+-----+--------+

Top non-repeatable levels by time:
     D:1: 2931 daAuts
     D:2: 899 daAuts
     D:3: 731 daAuts
     D:4: 58 daAuts
